 Dungeon Crawl Stone Soup version 0.29.1-15-g9cfb28693d (webtiles) character file.

Game seed: 1108566425587162526

72 Eitelfritz the Firebug (level 4, 0/30 HPs)
             Began as a Demonspawn Fire Elementalist on Mar 10, 2023.
             Slain by a goblin
             ... wielding a +0 club
              (3 damage)
             ... on level 2 of the Dungeon.
             The game lasted 00:04:02 (2458 turns).

Eitelfritz the Firebug (DsFE)                       Turns: 2458, Time: 00:04:03

Health: 0/30       AC:  3    Str:  8    XL:     4   Next: 6%
Magic:  5/7        EV: 12    Int: 18    God:
Gold:   117        SH:  0    Dex: 14    Spells: 6/7 levels left

rFire   + . .      SeeInvis .   a - +1 whip (venom)
rCold   x . .      Faith    .   (no shield)
rNeg    . . .      Spirit   .   k - +0 robe
rPois   .          Reflect  .   (helmet restricted)
rElec   .          Harm     .   (no cloak)
rCorr   .          Rampage  .   e - +0 pair of gloves
Will    .....                   (no boots)
Stlth   ++........              (no amulet)
HPRegen 0.10/turn               j - ring of fire
MPRegen 0.10/turn               (no ring)

@: no status effects
A: horns 1
a: no special abilities


You were on level 2 of the Dungeon.
You visited 1 branch of the dungeon, and saw 2 of its levels.

You collected 117 gold pieces.

Inventory:

Hand Weapons
 a - a +1 whip of venom (weapon)
 b - a +0 sling
 o - a +0 spear
 r - a +0 morningstar
Missiles
 d - 11 poisoned darts
 n - 4 javelins
Armour
 e - a +0 pair of gloves (worn)
 k - a +0 robe (worn)
Jewellery
 j - a ring of fire (left hand)
Scrolls
 f - a scroll of immolation {unknown}
 g - a scroll of amnesia {unknown}
 i - 2 scrolls of identify {unknown}
 q - a scroll of teleportation {unknown}
Potions
 c - a potion of might {unknown}
 h - a potion of invisibility {unknown}
 l - 2 potions of curing {unknown}
 m - a potion of magic
 p - a potion of brilliance {unknown}
 s - a potion of attraction {unknown}


   Skills:
 + Level 0.1 Fighting
 + Level 0.1 Maces & Flails
 + Level 1.9 Dodging
 + Level 2.0 Stealth
 + Level 0.1 Unarmed Combat
 + Level 2.3 Spellcasting
 + Level 1.8 Conjurations
 + Level 3.7 Fire Magic


You had 6 spell levels left.
You knew the following spells:

 Your Spells              Type           Power      Damage    Failure   Level
a - Foxfire               Conj/Fire      72%        2x1d7     5%          1

Your spell library contained the following spells:

 Spells                   Type           Power      Damage    Failure   Level
 Scorch                   Fire           46%        2d7       6%          2
 Necrotise                Necr           8%         1d4       17%         1
 Conjure Flame            Conj/Fire      18%        6-21      17%         3
 Inner Flame              Hex/Fire       13%        N/A       24%         3
 Sublimation of Blood     Necr           2%         N/A       26%         2
 Wereblood                Tmut           2%         N/A       26%         2
 Vampiric Draining        Necr           2%         2d6       45%         3
 Flame Wave               Conj/Fire      18%        2d7       50%         4
 Agony                    Necr           2%         N/A       99%         5
 Summon Hydra             Summ           1%         N/A       100%        7
 Chain Lightning          Conj/Air       2%         3d3       100%        9
 Fire Storm               Conj/Fire      9%         8d2       100%        9
 Shatter                  Erth           1%         3d5*      100%        9


Dungeon Overview and Level Annotations

Branches:
Dungeon (2/15)

Altars:

Annotations:
D:2 Sigmund


Innate Abilities, Weirdness & Mutations

You have a pair of small horns on your head.


Message History

You kill the quokka!
Sigmund closely misses you.
A goblin comes into view. It is wielding a +0 club.
The goblin shouts!
You closely miss Sigmund. Sigmund hits you but does no damage.
The goblin hits you but does no damage.
You hit Sigmund but do no damage.
Sigmund is poisoned.
The goblin hits you but does no damage. Sigmund hits you with a +0 scythe!
You hit Sigmund.
Sigmund looks as sick as possible!
You headbutt Sigmund.
Sigmund is lightly wounded.
The goblin hits you with a +0 club. Sigmund barely misses you.
Casting: Foxfire (safe; 5% risk of failure)
Confirm with . or Enter, or press ? or * to list all spells.
You feel a surge of power!
You conjure some foxfire!
The goblin hits you but does no damage.
You barely miss Sigmund. You headbutt Sigmund, but do no damage.
Sigmund is heavily wounded.
The foxfire hits Sigmund.
Sigmund is severely wounded.
Sigmund hits you with a +0 scythe. The goblin closely misses you.
You barely miss Sigmund.
Sigmund is severely wounded.
The goblin misses you.
Sigmund mumbles some strange words.
Sigmund flickers and vanishes!
Deactivating autopickup; reactivate with Ctrl-A.
You hit the goblin.
The goblin is poisoned.
The goblin is heavily wounded.
The goblin misses you. Something hits you.
Casting: Foxfire (safe; 5% risk of failure)
Confirm with . or Enter, or press ? or * to list all spells.
You feel a surge of power!
You conjure some foxfire!
The goblin barely misses you.
You barely miss something.
The foxfire hits something but does no damage.
Something hits you!
* * * LOW HITPOINT WARNING * * *
The goblin hits you but does no damage. The goblin completely misses you.
The goblin attacks as you move away! The goblin hits you with a +0 club.
You die...

##...#
#.###.##.#
.#
###.####.#
#.##.##.#
###..รท...#
#.......##
.#########
##.......#
.#
#.#.###.#
.# #.#)## #
.# #.#..#
.# # ##.#
)## #@# ..#
#..{.g..#
.##
###..####
## #.## #
#. #. # #.
.#### #.
.....


You could see a goblin (very poisoned).

Vanquished Creatures
  2 adders (D:2)
  A dart slug (D:1)
  5 bats (D:1)
  8 endoplasms
  A giant cockroach (D:1)
  4 hobgoblins
  4 jackals (D:2)
  3 quokkas
  4 ball pythons
  5 goblins
  6 kobolds
  A rat (D:1)
44 creatures vanquished.

Vanquished Creatures (others)
  79 foxfires
79 creatures vanquished.

Grand Total: 123 creatures vanquished

Notes
Turn   | Place    | Note
-------+----------+-------------------------------------------
     0 | D:1      | Eitelfritz the Demonspawn Fire Elementalist began the quest
                  | for the Orb.
     0 | D:1      | Reached XP level 1. HP: 13/13 MP: 3/3
   530 | D:1      | Reached skill level 3 in Fire Magic
   631 | D:1      | Gained mutation: You have a pair of small horns on your
                  | head. [demonic ancestry]
   631 | D:1      | Reached XP level 2. HP: 19/19 MP: 3/5
  1343 | D:1      | Reached XP level 3. HP: 24/24 MP: 0/6
  2181 | D:2      | Reached XP level 4. HP: 9/30 MP: 7/7
  2446 | D:2      | Noticed Sigmund
  2458 | D:2      | Slain by a goblin

Illustrated notes

Levels and vault maps discovered:
D:1:      dpeg_arrival_water_fire, layout_loops_corners,
          minmay_indecisive_spiral
D:2:      layout_loops_cross, uniq_sigmund

Skill      XL: |  1  2 |
---------------+-------+-----
Fire Magic     | 3 |  3.7
Stealth        | 2 |  2.0
Fighting       | |  0.1
Maces & Flails | |  0.1
Dodging        | |  1.9
Unarmed Combat | |  0.1
Spellcasting   | |  2.3
Conjurations   | |  1.8

Action                   |  1- 3 |  4- 6 || total
-------------------------+-------+-------++-------
Melee: Unarmed           |     7 |       ||     7
       Whip              |    43 |     8 ||    51
       Headbutt          |     5 |     2 ||     7
       Punch             |     1 |       ||     1
 Cast: Foxfire           |    42 |     2 ||    44
 Stab: Distracted        |     1 |       ||     1
       Sleeping          |     1 |       ||     1
Armor: Robe              |    24 |     5 ||    29
Dodge: Dodged            |    68 |     7 ||    75
